Crunch vs Checkers 2

Created - 14 février 2024 at 12:04

Goals
1 2 3 T
Crunch 0 1 1 2
Checkers 2 0 0 0 0
Shots
1 2 3 T
Crunch 9 9 5 23
Checkers 2 7 4 6 17

GoalsPenalties
1st period
No Goal
No Penalty
2nd period
1. Crunch , Jordan Gross 5 (Mathieu Olivier 25, Erik Kallgren) at 8:23 (PP)
Mattias Norlinder (TAM) for Diving (Minor) at 2:59
Max Pacioretty (SEA) for Cross-checking (Minor) at 8:12
Yan Kuznetsov (TAM) for High sticking (Minor) at 19:35
3rd period
2. Crunch , David Gustafsson 38 (Liam Foudy 15, Mathieu Olivier 26) at 6:16 (PP)
Max Pacioretty (SEA) for Hooking (Minor) at 3:53
Wayne Simmonds (SEA) for Tripping (Minor) at 6:12
Goalie Stats
Erik Kallgren (TAM), 17 saves from 17 shots - (1,000), W, 52-13-10, 60:00 minutes
David Rittich (SEA), 21 saves from 23 shots - (0,913), L, 46-21-6, 60:00 minutes
3 StarsOfficial
1 - Erik Kallgren (TAM)
2 - Jordan Gross (TAM)
3 - David Gustafsson (TAM)
Referees : Steve Kozari and Edward Grudzinski
Linesman : Erin Blair and Tyson Baker
Game Note
No Game Note



Team Name Goals Shots Shots Attemp Shots Blocked PIM HIT PP PK FO%
Crunch 22337104212 / 3 (67%)053%
Checkers 2 0174066190 / 2 (0%)247%

Crunch
Player Name POS G A P +/- PIM HIT SHT SB MP PP MP PP SHT PK MP PK SHT FO% FOT GA TA
Ben MeyersC/LW0000001018:011:0400:000100% 100
Benoit-Olivier GroulxC000000004:260:0900:0000% 000
Callahan BurkeC/RW0000022115:160:0000:00036% 1100
Carson MeyerRW000000000:290:0000:0000% 000
Daemon HuntD0000000320:490:3800:0000% 000
David GustafssonC/LW1010015125:271:1011:56062% 2101
Dennis CholowskiD0000010024:301:1602:3900% 001
Garrett PilonC000000002:590:0000:5800% 000
Jake LeschyshynC0000031119:511:0401:04075% 810
Jordan GrossD1010042127:491:3612:5200% 001
Liam FoudyC/LW0110011022:441:1000:47050% 220
Mathieu OlivierRW0220015023:311:0102:3310% 100
Mattias NorlinderD0000210219:030:0000:3100% 001
Nick SwaneyRW0000013017:561:0400:0000% 000
Taylor FedunD0000010117:190:5801:1900% 000
Tim SchallerLW0000030014:590:0000:3800% 002
Xavier SimoneauC0000022010:100:0000:00020% 500
Yan KuznetsovD0000201010:410:0000:3500% 000
Checkers 2
Player Name POS G A P +/- PIM HIT SHT SB MP PP MP PP SHT PK MP PK SHT FO% FOT GA TA
Brett RitchieRW0000020022:132:2201:020100% 210
Cale FleuryD0000020013:060:4100:0000% 001
Colton WhiteD0000001223:552:3500:0000% 001
Conor TimminsD0000000122:320:4201:1500% 010
Evgeny SvechnikovLW/RW0000001017:190:1100:00033% 600
Hudson FaschingRW0000000015:510:0000:0000% 000
Jake ChristiansenD0000010019:390:0000:5900% 000
Joel HanleyD0000020226:283:1701:1500% 000
Joel KivirantaLW/RW0000023020:311:2501:03050% 220
Laurent DauphinC0000022022:202:2201:03050% 2800
Max PaciorettyLW0000414021:152:2200:00050% 201
Michael Del ZottoD000000000:410:4100:0000% 000
Nathan WalkerLW0000023019:281:2500:0900% 000
Parker KellyC/LW000001001:080:1100:0000% 000
Scott HarringtonD0000000013:390:0000:5900% 000
Sheldon DriesC0000012020:471:2501:11033% 910
Victor MeteD000000000:000:0000:0000% 000
Wayne SimmondsLW/RW0000231116:510:1100:0000% 010

Crunch

5 vs 5 Forward
Line #Left WingCenterRight WingPHYDFOFWanted %Time %Time Play
1Liam FoudyDavid GustafssonMathieu Olivier1224020%10:41
2Ben MeyersJake LeschyshynNick Swaney1223036%19:08
3Tim SchallerCallahan BurkeDavid Gustafsson1222026%13:49
4Mathieu OlivierXavier SimoneauLiam Foudy1221019%10:10
5 vs 5 Defense
Line #DefenseDefensePHYDFOFWanted %Time %Time Play
1Jordan GrossDennis Cholowski1224030%16:00
2Taylor FedunJordan Gross1223032%17:02
3Daemon HuntMattias Norlinder1222030%16:24
4Yan KuznetsovJordan Gross122108%4:22
Power Play Forward
Line #Left WingCenterRight WingPHYDFOFWanted %Time %Time Play
1Liam FoudyDavid GustafssonMathieu Olivier1226052%1:10
2Ben MeyersJake LeschyshynNick Swaney1224048%1:04
Power Play Defense
Line #DefenseDefensePHYDFOFWanted %Time %Time Play
1Jordan GrossDennis Cholowski1226057%1:16
2Taylor FedunJordan Gross1224043%0:58
Penalty Kill 4 Players Forward
Line #CenterWingPHYDFOFWanted %Time %Time Play
1David GustafssonMathieu Olivier1226080%3:11
2Liam FoudyJake Leschyshyn1224020%0:47
Penalty Kill 4 Players Defense
Line #DefenseDefensePHYDFOFWanted %Time %Time Play
1Jordan GrossDennis Cholowski1226067%2:39
2Taylor FedunJordan Gross1224033%1:19
Penalty Kill 3 Players
Line #WingPHYDFOFWanted %Time %Time PlayDefenseDefensePHYDFOFWanted %Time %Time Play
1David Gustafsson122600%0:00 Jordan GrossDennis Cholowski122600%0:00
2Mathieu Olivier122400%0:00 Taylor FedunDennis Cholowski122400%0:00
4 vs 4 Forward
Line #CenterWingPHYDFOFWanted %Time %Time Play
1David GustafssonMathieu Olivier122600%0:00
2Liam FoudyJake Leschyshyn122400%0:00
4 vs 4 Defense
Line #DefensePHYDFOFWanted %Time %Time Play
1Jordan GrossDennis Cholowski122600%0:00
2Taylor FedunJordan Gross122400%0:00
Last Minutes Offensive
Left WingCenterRight WingDefenseDefense
Liam FoudyDavid GustafssonMathieu OlivierJordan GrossDennis Cholowski
Last Minutes Defensive
Left WingCenterRight WingDefenseDefense
Liam FoudyDavid GustafssonMathieu OlivierJordan GrossDennis Cholowski
Time
Total ForwardTotal DefenseLast Minutes OffensiveLast Minutes Defensive
60:00 60:00 0:000:00
Extra Forwards
Normal PowerPlayPenalty Kill
Benoit-Olivier Groulx, Callahan Burke, Garrett PilonBenoit-Olivier Groulx, Callahan BurkeGarrett Pilon
Extra Defensemen
Normal PowerPlayPenalty Kill
Daemon Hunt, Mattias Norlinder, Yan KuznetsovDaemon Hunt, Mattias NorlinderYan Kuznetsov
Penalty Shots
David Gustafsson, Mathieu Olivier, Liam Foudy, Jake Leschyshyn, Ben Meyers
Goalie
Erik Kallgren, Garret Sparks
Scratches
Tyrell Goulbourne (Healthy), Stelio Mattheos (Healthy), Nicolas Beaudin (Strained Right Elbow Injury), Alex Whelan (Healthy), Jerad Rosburg (Healthy) Tyce Thompson (Healthy), Mike Robinson (Healthy)

Checkers 2

5 vs 5 Forward
Line #Left WingCenterRight WingPHYDFOFWanted %Time %Time Play
1Max PaciorettyLaurent DauphinBrett Ritchie0234536%19:21
2Nathan WalkerSheldon DriesJoel Kiviranta0233031%16:51
3Wayne SimmondsEvgeny SvechnikovHudson Fasching0322029%15:51
4Sheldon DriesJoel KivirantaNathan Walker03253%1:45
5 vs 5 Defense
Line #DefenseDefensePHYDFOFWanted %Time %Time Play
1Joel HanleyColton White0325040%21:28
2Conor TimminsJake Christiansen0323036%19:21
3Scott HarringtonCale Fleury0321021%11:03
4Joel HanleyConor Timmins032104%1:56
Power Play Forward
Line #Left WingCenterRight WingPHYDFOFWanted %Time %Time Play
1Max PaciorettyLaurent DauphinBrett Ritchie0236064%2:33
2Nathan WalkerSheldon DriesJoel Kiviranta0234036%1:25
Power Play Defense
Line #DefenseDefensePHYDFOFWanted %Time %Time Play
1Joel HanleyColton White0236082%3:16
2Conor TimminsJoel Hanley0234018%0:42
Penalty Kill 4 Players Forward
Line #CenterWingPHYDFOFWanted %Time %Time Play
1Laurent DauphinJoel Kiviranta0505047%1:03
2Sheldon DriesBrett Ritchie0505053%1:11
Penalty Kill 4 Players Defense
Line #DefenseDefensePHYDFOFWanted %Time %Time Play
1Joel HanleyConor Timmins1316056%1:15
2Scott HarringtonJake Christiansen1314044%0:59
Penalty Kill 3 Players
Line #WingPHYDFOFWanted %Time %Time PlayDefenseDefensePHYDFOFWanted %Time %Time Play
1Wayne Simmonds050600%0:00 Joel HanleyConor Timmins041600%0:00
2Hudson Fasching050400%0:00 Scott HarringtonJake Christiansen041400%0:00
4 vs 4 Forward
Line #CenterWingPHYDFOFWanted %Time %Time Play
1Laurent DauphinMax Pacioretty032500%0:00
2Sheldon DriesBrett Ritchie032500%0:00
4 vs 4 Defense
Line #DefensePHYDFOFWanted %Time %Time Play
1Joel HanleyColton White032600%0:00
2Conor TimminsJake Christiansen032400%0:00
Last Minutes Offensive
Left WingCenterRight WingDefenseDefense
Max PaciorettySheldon DriesBrett RitchieJoel HanleyColton White
Last Minutes Defensive
Left WingCenterRight WingDefenseDefense
Nathan WalkerLaurent DauphinJoel KivirantaConor TimminsScott Harrington
Time
Total ForwardTotal DefenseLast Minutes OffensiveLast Minutes Defensive
60:00 60:00 0:000:00
Extra Forwards
Normal PowerPlayPenalty Kill
Nathan Walker, Laurent Dauphin, Brett RitchieLaurent Dauphin, Brett RitchieNathan Walker
Extra Defensemen
Normal PowerPlayPenalty Kill
Joel Hanley, Conor Timmins, Scott HarringtonJoel Hanley, Conor TimminsScott Harrington
Penalty Shots
Max Pacioretty, Sheldon Dries, Brett Ritchie, Nathan Walker, Laurent Dauphin
Goalie
David Rittich, Antti Raanta
Scratches
Gage Quinney (Healthy), Alex Galchenyuk (Healthy), Xavier Ouellet (Healthy), Jeremy Davies (Healthy), Martin Kaut (Healthy) Mikhail Maltsev (Healthy), Noah Juulsen (Healthy), Alex Belzile (Healthy), Nate Thompson (Healthy), Jan Mysak (Healthy) Radim Zohorna (Healthy), Patrick Guay (Healthy), Pavel Francouz (Healthy), Maxime Lagace (Healthy), Zach Sawchenko (Healthy)


Play-by-Play

1st period


0:01 of 1st period - David Gustafsson wins face-off versus Laurent Dauphin in neutral zone.
0:12 of 1st period - Snap shot by Mathieu Olivier.
0:12 of 1st period - Stopped by David Rittich with a rebound.
0:14 of 1st period - Slapshot by Jordan Gross.
0:14 of 1st period - Deflect By David Gustafsson.
0:14 of 1st period - Shot Misses the Net.
0:14 of 1st period - Puck is out of play.
0:15 of 1st period - Jake Leschyshyn wins face-off versus Sheldon Dries in Checkers 2 zone.
0:16 of 1st period - Wrist shot by Nick Swaney.
0:16 of 1st period - Stopped by David Rittich without a rebound.
0:17 of 1st period - Jake Leschyshyn wins face-off versus Joel Kiviranta in Checkers 2 zone.
0:18 of 1st period - Slapshot by Ben Meyers.
0:18 of 1st period - Stopped by David Rittich with a rebound.
0:49 of 1st period - Snap shot by Evgeny Svechnikov.
0:49 of 1st period - Shot Blocked by Taylor Fedun.
1:25 of 1st period - Mattias Norlinder is hit by Sheldon Dries and loses puck.
5:47 of 1st period - Icing by Nathan Walker.
5:48 of 1st period - Sheldon Dries wins face-off versus Xavier Simoneau in Checkers 2 zone.
6:38 of 1st period - Icing by Brett Ritchie.
6:39 of 1st period - Laurent Dauphin wins face-off versus Xavier Simoneau in Checkers 2 zone.
6:39 of 1st period - Laurent Dauphin is hit by Mathieu Olivier.
6:56 of 1st period - Icing by Mattias Norlinder.
6:57 of 1st period - Brett Ritchie wins face-off versus Xavier Simoneau in Crunch zone.
7:01 of 1st period - Icing by Xavier Simoneau.
7:02 of 1st period - Laurent Dauphin wins face-off versus Xavier Simoneau in Crunch zone.
7:09 of 1st period - Wrist shot by Brett Ritchie.
7:09 of 1st period - Deflect By Laurent Dauphin.
7:09 of 1st period - Shot Blocked by Mattias Norlinder.
7:09 of 1st period - Puck is out of play.
7:10 of 1st period - Max Pacioretty wins face-off versus Mathieu Olivier in Crunch zone.
7:21 of 1st period - Snap shot by Brett Ritchie.
7:21 of 1st period - Deflect By Max Pacioretty.
7:21 of 1st period - Stopped by Erik Kallgren without a rebound.
7:22 of 1st period - David Gustafsson wins face-off versus Laurent Dauphin in Crunch zone.
7:31 of 1st period - Snap shot by Mathieu Olivier.
7:31 of 1st period - Shot Misses the Net.
7:33 of 1st period - Snap shot by Liam Foudy.
7:33 of 1st period - Shot Misses the Net.
8:07 of 1st period - Snap shot by David Gustafsson.
8:07 of 1st period - Stopped by David Rittich with a rebound.
8:12 of 1st period - Off-side.
8:13 of 1st period - Evgeny Svechnikov wins face-off versus Callahan Burke in neutral zone.
8:15 of 1st period - Off-side.
8:16 of 1st period - Laurent Dauphin wins face-off versus Callahan Burke in neutral zone.
9:33 of 1st period - Brett Ritchie is hit by Liam Foudy.
9:59 of 1st period - Colton White is hit by Tim Schaller and loses puck.
10:08 of 1st period - Wrist shot by Joel Kiviranta.
10:08 of 1st period - Stopped by Erik Kallgren with a rebound.
11:39 of 1st period - Xavier Simoneau is hit by Cale Fleury.
12:08 of 1st period - Icing by Callahan Burke.
12:09 of 1st period - Laurent Dauphin wins face-off versus Callahan Burke in Crunch zone.
12:44 of 1st period - Wrist shot by Liam Foudy.
12:44 of 1st period - Stopped by David Rittich with a rebound.
13:02 of 1st period - Callahan Burke is hit by Joel Kiviranta and loses puck.
14:41 of 1st period - Snap shot by Max Pacioretty.
14:41 of 1st period - Stopped by Erik Kallgren without a rebound.
14:42 of 1st period - Callahan Burke wins face-off versus Laurent Dauphin in Crunch zone.
14:42 of 1st period - Callahan Burke is hit by Brett Ritchie.
15:02 of 1st period - Slapshot by Joel Kiviranta.
15:02 of 1st period - Shot Blocked by Jordan Gross.
15:18 of 1st period - Wrist shot by Xavier Simoneau.
15:18 of 1st period - Stopped by David Rittich with a rebound.
15:20 of 1st period - Snap shot by Xavier Simoneau.
15:20 of 1st period - Stopped by David Rittich with a rebound.
15:52 of 1st period - Wayne Simmonds is hit by Xavier Simoneau and loses puck.
16:04 of 1st period - Off-side.
16:05 of 1st period - Sheldon Dries wins face-off versus Callahan Burke in neutral zone.
16:07 of 1st period - Off-side.
16:08 of 1st period - Callahan Burke wins face-off versus Sheldon Dries in neutral zone.
16:19 of 1st period - Wrist shot by Callahan Burke.
16:19 of 1st period - Stopped by David Rittich with a rebound.
16:55 of 1st period - Backhand shot by Nathan Walker.
16:55 of 1st period - Shot Misses the Net.
16:57 of 1st period - Slapshot by Colton White.
16:57 of 1st period - Deflect By Joel Kiviranta.
16:57 of 1st period - Stopped by Erik Kallgren without a rebound.
16:58 of 1st period - Laurent Dauphin wins face-off versus David Gustafsson in Crunch zone.
17:07 of 1st period - Snap shot by Liam Foudy.
17:07 of 1st period - Shot Misses the Net.
17:09 of 1st period - Slapshot by Daemon Hunt.
17:09 of 1st period - Shot Misses the Net.
17:11 of 1st period - Slapshot by Mathieu Olivier.
17:11 of 1st period - Stopped by David Rittich with a rebound.
17:13 of 1st period - Snap shot by David Gustafsson.
17:13 of 1st period - Shot Misses the Net.
17:38 of 1st period - Evgeny Svechnikov is hit by Jake Leschyshyn and loses puck.
17:51 of 1st period - Wrist shot by Max Pacioretty.
17:51 of 1st period - Stopped by Erik Kallgren without a rebound.
17:52 of 1st period - Xavier Simoneau wins face-off versus Laurent Dauphin in Crunch zone.
18:25 of 1st period - Wrist shot by Nathan Walker.
18:25 of 1st period - Stopped by Erik Kallgren with a rebound.
18:27 of 1st period - Wrist shot by Cale Fleury.
18:27 of 1st period - Shot Misses the Net.
18:29 of 1st period - Snap shot by Cale Fleury.
18:29 of 1st period - Shot Misses the Net.
18:39 of 1st period - Joel Hanley is hit by Callahan Burke and loses puck.
19:00 of 1st period - Off-side.
19:01 of 1st period - Laurent Dauphin wins face-off versus Liam Foudy in neutral zone.
19:14 of 1st period - Snap shot by Max Pacioretty.
19:14 of 1st period - Stopped by Erik Kallgren with a rebound.
19:37 of 1st period - Snap shot by Wayne Simmonds.
19:37 of 1st period - Shot Misses the Net.
Goals for this period are 0 for Crunch vs 0 for Checkers 2.
Shots for this period are 9 for Crunch vs 7 for Checkers 2.

2nd period


0:01 of 2nd period - Liam Foudy wins face-off versus Laurent Dauphin in neutral zone.
0:04 of 2nd period - Wrist shot by Mathieu Olivier.
0:04 of 2nd period - Stopped by David Rittich with a rebound.
0:17 of 2nd period - Joel Hanley is hit by Jordan Gross and loses puck.
0:47 of 2nd period - Icing by Dennis Cholowski.
0:48 of 2nd period - Jake Leschyshyn wins face-off versus Evgeny Svechnikov in Crunch zone.
0:53 of 2nd period - Snap shot by Jordan Gross.
0:53 of 2nd period - Shot Blocked by Wayne Simmonds.
1:23 of 2nd period - Slapshot by Nick Swaney.
1:23 of 2nd period - Stopped by David Rittich with a rebound.
1:25 of 2nd period - Slapshot by Dennis Cholowski.
1:25 of 2nd period - Shot Blocked by Conor Timmins.
1:45 of 2nd period - Snap shot by Nathan Walker.
1:45 of 2nd period - Stopped by Erik Kallgren with a rebound.
2:35 of 2nd period - David Gustafsson is hit by Jake Christiansen and loses puck.
2:59 of 2nd period - Minor Penalty to Mattias Norlinder for Diving.
3:00 of 2nd period - Laurent Dauphin wins face-off versus David Gustafsson in Crunch zone.
4:59 of 2nd period - Penalty to Mattias Norlinder is over, Mattias Norlinder is back on ice.
5:38 of 2nd period - Snap shot by Liam Foudy.
5:38 of 2nd period - Shot Blocked by Joel Hanley.
5:40 of 2nd period - Snap shot by Jake Leschyshyn.
5:40 of 2nd period - Shot Blocked by Colton White.
5:42 of 2nd period - Snap shot by Yan Kuznetsov.
5:42 of 2nd period - Stopped by David Rittich without a rebound.
5:43 of 2nd period - Callahan Burke wins face-off versus Sheldon Dries in Checkers 2 zone.
5:58 of 2nd period - Snap shot by Joel Kiviranta.
5:58 of 2nd period - Stopped by Erik Kallgren with a rebound.
6:00 of 2nd period - Wrist shot by Joel Kiviranta.
6:00 of 2nd period - Shot Blocked by Callahan Burke.
6:21 of 2nd period - Conor Timmins is hit by Jordan Gross and loses puck.
6:26 of 2nd period - Slapshot by Nick Swaney.
6:26 of 2nd period - Stopped by David Rittich with a rebound.
6:42 of 2nd period - Nathan Walker is hit by Tim Schaller.
7:11 of 2nd period - Icing by Liam Foudy.
7:12 of 2nd period - Joel Kiviranta wins face-off versus Jake Leschyshyn in Crunch zone.
7:35 of 2nd period - Snap shot by Tim Schaller.
7:35 of 2nd period - Deflect By David Gustafsson.
7:35 of 2nd period - Stopped by David Rittich without a rebound.
7:36 of 2nd period - Laurent Dauphin wins face-off versus Callahan Burke in Checkers 2 zone.
7:45 of 2nd period - Snap shot by Laurent Dauphin.
7:45 of 2nd period - Stopped by Erik Kallgren without a rebound.
7:46 of 2nd period - Laurent Dauphin wins face-off versus David Gustafsson in Crunch zone.
7:52 of 2nd period - Icing by Jordan Gross.
7:53 of 2nd period - David Gustafsson wins face-off versus Laurent Dauphin in Crunch zone.
7:57 of 2nd period - Jordan Gross is hit by Joel Hanley.
8:01 of 2nd period - Backhand shot by David Gustafsson.
8:01 of 2nd period - Stopped by David Rittich without a rebound.
8:02 of 2nd period - David Gustafsson wins face-off versus Laurent Dauphin in Checkers 2 zone.
8:07 of 2nd period - Wrist shot by David Gustafsson.
8:07 of 2nd period - Shot Misses the Net.
8:09 of 2nd period - Slapshot by David Gustafsson.
8:09 of 2nd period - Stopped by David Rittich without a rebound.
8:10 of 2nd period - Brett Ritchie wins face-off versus David Gustafsson in Checkers 2 zone.
8:12 of 2nd period - Minor Penalty to Max Pacioretty for Cross-checking.
8:13 of 2nd period - Laurent Dauphin wins face-off versus David Gustafsson in Checkers 2 zone.
8:21 of 2nd period - Slapshot by Jordan Gross.
8:21 of 2nd period - Shot Misses the Net.
8:23 of 2nd period - Slapshot by Jordan Gross.
8:23 of 2nd period - Goal by Jordan Gross - Crunch : 1 - Checkers 2 : 0.
8:24 of 2nd period - David Gustafsson wins face-off versus Laurent Dauphin in neutral zone.
8:33 of 2nd period - Snap shot by Max Pacioretty.
8:33 of 2nd period - Shot Blocked by David Gustafsson.
8:58 of 2nd period - Wrist shot by Sheldon Dries.
8:58 of 2nd period - Shot Misses the Net.
9:00 of 2nd period - Slapshot by Joel Hanley.
9:00 of 2nd period - Shot Blocked by Jake Leschyshyn.
9:12 of 2nd period - Conor Timmins is hit by Callahan Burke and loses puck.
10:11 of 2nd period - Snap shot by Sheldon Dries.
10:11 of 2nd period - Stopped by Erik Kallgren without a rebound.
10:12 of 2nd period - Ben Meyers wins face-off versus Evgeny Svechnikov in Crunch zone.
10:17 of 2nd period - Slapshot by Jordan Gross.
10:17 of 2nd period - Shot Blocked by Colton White.
10:19 of 2nd period - Wrist shot by Jake Leschyshyn.
10:19 of 2nd period - Stopped by David Rittich without a rebound.
10:20 of 2nd period - Laurent Dauphin wins face-off versus David Gustafsson in Checkers 2 zone.
10:35 of 2nd period - Max Pacioretty is hit by Taylor Fedun and loses puck.
11:12 of 2nd period - Wrist shot by Evgeny Svechnikov.
11:12 of 2nd period - Shot Misses the Net.
11:14 of 2nd period - Wrist shot by Evgeny Svechnikov.
11:14 of 2nd period - Shot Misses the Net.
11:58 of 2nd period - Slapshot by Nathan Walker.
11:58 of 2nd period - Deflect By Joel Kiviranta.
11:58 of 2nd period - Deflect By Ben Meyers.
11:58 of 2nd period - Shot Blocked by Daemon Hunt.
11:58 of 2nd period - Puck is out of play.
11:59 of 2nd period - Jake Leschyshyn wins face-off versus Sheldon Dries in Crunch zone.
11:59 of 2nd period - Jake Leschyshyn is hit by Nathan Walker.
13:19 of 2nd period - Slapshot by Joel Kiviranta.
13:19 of 2nd period - Shot Misses the Net.
13:25 of 2nd period - Jake Christiansen is hit by Dennis Cholowski.
13:35 of 2nd period - Max Pacioretty is hit by Mattias Norlinder and loses puck.
14:04 of 2nd period - Tim Schaller is hit by Cale Fleury and loses puck.
14:19 of 2nd period - Xavier Simoneau is hit by Laurent Dauphin and loses puck.
16:38 of 2nd period - Tim Schaller is hit by Wayne Simmonds and loses puck.
19:35 of 2nd period - Minor Penalty to Yan Kuznetsov for High sticking.
19:36 of 2nd period - David Gustafsson wins face-off versus Laurent Dauphin in Crunch zone.
Goals for this period are 1 for Crunch vs 0 for Checkers 2.
Shots for this period are 9 for Crunch vs 4 for Checkers 2.

3rd period


0:01 of 3rd period - David Gustafsson wins face-off versus Laurent Dauphin in neutral zone.
0:11 of 3rd period - Wrist shot by Mathieu Olivier.
0:11 of 3rd period - Stopped by David Rittich without a rebound.
0:12 of 3rd period - Laurent Dauphin wins face-off versus David Gustafsson in Checkers 2 zone.
0:17 of 3rd period - Slapshot by Joel Hanley.
0:17 of 3rd period - Shot Misses the Net.
1:35 of 3rd period - Penalty to Yan Kuznetsov is over, Yan Kuznetsov is back on ice.
2:21 of 3rd period - Conor Timmins is hit by Tim Schaller and loses puck.
3:00 of 3rd period - Yan Kuznetsov is hit by Max Pacioretty and loses puck.
3:53 of 3rd period - Minor Penalty to Max Pacioretty for Hooking.
3:54 of 3rd period - Laurent Dauphin wins face-off versus Jake Leschyshyn in Checkers 2 zone.
4:04 of 3rd period - Jake Christiansen is hit by Jordan Gross.
4:18 of 3rd period - Joel Kiviranta is hit by David Gustafsson and loses puck.
5:39 of 3rd period - Jordan Gross is hit by Brett Ritchie and loses puck.
5:47 of 3rd period - Icing by David Gustafsson.
5:48 of 3rd period - Jake Leschyshyn wins face-off versus Sheldon Dries in Crunch zone.
5:53 of 3rd period - Penalty to Max Pacioretty is over, Max Pacioretty is back on ice.
6:12 of 3rd period - Minor Penalty to Wayne Simmonds for Tripping.
6:13 of 3rd period - David Gustafsson wins face-off versus Laurent Dauphin in Checkers 2 zone.
6:16 of 3rd period - Snap shot by Liam Foudy.
6:16 of 3rd period - Deflect By David Gustafsson.
6:16 of 3rd period - Goal by David Gustafsson - Crunch : 2 - Checkers 2 : 0.
6:17 of 3rd period - David Gustafsson wins face-off versus Max Pacioretty in neutral zone.
6:24 of 3rd period - Snap shot by Mathieu Olivier.
6:24 of 3rd period - Stopped by David Rittich with a rebound.
7:21 of 3rd period - Wrist shot by David Gustafsson.
7:21 of 3rd period - Shot Blocked by Joel Hanley.
8:35 of 3rd period - Backhand shot by Callahan Burke.
8:35 of 3rd period - Stopped by David Rittich without a rebound.
8:36 of 3rd period - Sheldon Dries wins face-off versus Callahan Burke in Checkers 2 zone.
9:01 of 3rd period - Yan Kuznetsov is hit by Wayne Simmonds and loses puck.
9:08 of 3rd period - Snap shot by Wayne Simmonds.
9:08 of 3rd period - Stopped by Erik Kallgren without a rebound.
9:09 of 3rd period - David Gustafsson wins face-off versus Laurent Dauphin in Crunch zone.
9:41 of 3rd period - Cale Fleury is hit by Nick Swaney and loses puck.
9:54 of 3rd period - Slapshot by Wayne Simmonds.
9:54 of 3rd period - Shot Misses the Net.
9:56 of 3rd period - Slapshot by Evgeny Svechnikov.
9:56 of 3rd period - Shot Blocked by Daemon Hunt.
9:58 of 3rd period - Snap shot by Evgeny Svechnikov.
9:58 of 3rd period - Deflect By Hudson Fasching.
9:58 of 3rd period - Shot Blocked by Daemon Hunt.
9:58 of 3rd period - Puck is out of play.
9:59 of 3rd period - David Gustafsson wins face-off versus Evgeny Svechnikov in Crunch zone.
10:04 of 3rd period - Wrist shot by Jordan Gross.
10:04 of 3rd period - Stopped by David Rittich without a rebound.
10:05 of 3rd period - David Gustafsson wins face-off versus Laurent Dauphin in Checkers 2 zone.
10:30 of 3rd period - Slapshot by Nathan Walker.
10:30 of 3rd period - Stopped by Erik Kallgren without a rebound.
10:31 of 3rd period - Jake Leschyshyn wins face-off versus Sheldon Dries in Crunch zone.
10:31 of 3rd period - Jake Leschyshyn is hit by Joel Kiviranta.
11:02 of 3rd period - Snap shot by Laurent Dauphin.
11:02 of 3rd period - Shot Blocked by Mattias Norlinder.
11:33 of 3rd period - Wayne Simmonds is hit by Jake Leschyshyn.
11:43 of 3rd period - Wrist shot by Sheldon Dries.
11:43 of 3rd period - Stopped by Erik Kallgren with a rebound.
11:49 of 3rd period - Cale Fleury is hit by Xavier Simoneau and loses puck.
12:42 of 3rd period - Conor Timmins is hit by Jake Leschyshyn and loses puck.
12:59 of 3rd period - Colton White is hit by Jordan Gross and loses puck.
13:46 of 3rd period - Icing by Conor Timmins.
13:47 of 3rd period - Callahan Burke wins face-off versus Evgeny Svechnikov in Checkers 2 zone.
14:47 of 3rd period - Slapshot by Evgeny Svechnikov.
14:47 of 3rd period - Deflect By Hudson Fasching.
14:47 of 3rd period - Shot Misses the Net.
14:47 of 3rd period - Puck is out of play.
14:48 of 3rd period - Evgeny Svechnikov wins face-off versus Callahan Burke in Crunch zone.
14:49 of 3rd period - Wrist shot by Hudson Fasching.
14:49 of 3rd period - Shot Misses the Net.
14:51 of 3rd period - Slapshot by Colton White.
14:51 of 3rd period - Stopped by Erik Kallgren without a rebound.
14:52 of 3rd period - Laurent Dauphin wins face-off versus David Gustafsson in Crunch zone.
15:01 of 3rd period - Snap shot by Laurent Dauphin.
15:01 of 3rd period - Shot Misses the Net.
15:03 of 3rd period - Wrist shot by Laurent Dauphin.
15:03 of 3rd period - Stopped by Erik Kallgren without a rebound.
15:04 of 3rd period - David Gustafsson wins face-off versus Laurent Dauphin in Crunch zone.
15:40 of 3rd period - Jake Leschyshyn is hit by Nathan Walker and loses puck.
15:55 of 3rd period - Snap shot by Evgeny Svechnikov.
15:55 of 3rd period - Stopped by Erik Kallgren with a rebound.
16:09 of 3rd period - Ben Meyers is hit by Laurent Dauphin and loses puck.
17:37 of 3rd period - Dennis Cholowski is hit by Joel Hanley and loses puck.
19:14 of 3rd period - Mattias Norlinder is hit by Wayne Simmonds and loses puck.
19:25 of 3rd period - Carson Meyer is hit by Parker Kelly and loses puck.
Goals for this period are 1 for Crunch vs 0 for Checkers 2.
Shots for this period are 5 for Crunch vs 6 for Checkers 2.